Map: Neon Violet Square LE

Players

SamuraiFunn - Winner!

  • Race: Protoss Protoss
  • Spawn Location: 11:00

A.I. 1 (Elite)

  • Race: Terran Terran
  • Spawn Location: 5:00

VOD

Have the link to the VOD?

Description

Time

  • Played on: Nov. 24, 2017, 4:03 p.m.
  • Length: 9:32
Show
View Real Time Build Order
Export as new Build Order

SamuraiFunn Protoss - Winner!

Build Orders:  

Get SALT Encoding   

  12  0:01  Probe  
  13  0:15  Probe  
  14  0:27  Probe  
  15  0:44  Pylon  
  15  0:59  Assimilator  
  15  1:02  Probe  
  16  1:06  Gateway x2  
  16  1:14  Probe  
  16  1:16  Assimilator  
  17  1:27  Probe  
  18  1:38  Gateway  
  18  1:39  Probe  
  19  1:43  Pylon  
  19  1:51  Probe  
  20  1:54  Zealot  
  24  2:01  Zealot  
  24  2:10  Cybernetics Core  
  24  2:25  Gateway  
  24  2:28  Zealot  
  24  2:29  Pylon  
  26  2:30  Zealot  
  28  2:43  Zealot  
  30  2:56  Warp Gate (Chrono Boost)  
  26  3:00  Pylon, Zealot x2  
  30  3:25  Zealot  
  30  3:26  Zealot  
  30  3:40  Zealot (Chrono Boost)  
  34  3:47  Zealot (Chrono Boost)  
  28  3:56  Zealot x2 (Chrono Boost)  
  24  4:26  Zealot x4  
  32  4:39  Assimilator  
  32  4:41  Probe  
  33  4:53  Probe  
  34  5:03  Twilight Council  
  34  5:05  Probe  
  34  5:06  Stalker x2  
  34  5:07  Stalker  
  35  5:17  Probe  
  32  5:22  Stalker  
  32  5:29  Probe  
  33  5:36  Stalker x2  
  37  5:47  Stalker x2  
  29  6:05  Stalker x2  
  31  6:16  Zealot x2  
  31  6:29  Zealot  
  33  6:33  Charge (Chrono Boost)  
  33  6:43  Stalker  
  35  6:50  Stalker  
  33  7:25  Stalker x3  
  33  7:26  Stalker  
  29  7:54  Stalker  
  29  7:55  Zealot x3  
  35  8:16  Zealot x3  
  41  8:20  Stalker  
  33  9:00  Zealot x4  
Show
View Real Time Build Order
Export as new Build Order

A.I. 1 (Elite) Terran 

Build Orders:  

Get SALT Encoding   

  12  0:00  SCV  
  13  0:13  SCV  
  14  0:20  Supply Depot  
  14  0:25  SCV  
  15  0:29  Refinery  
  15  0:42  SCV  
  16  0:48  Barracks  
  16  0:54  SCV  
  17  1:06  SCV  
  17  1:10  Supply Depot  
  18  1:18  SCV  
  19  1:30  SCV  
  20  1:37  Marine  
  20  1:39  Factory  
  21  1:46  Barracks  
  21  1:47  SCV  
  22  1:55  Marine  
  22  1:59  SCV  
  24  2:03  Supply Depot  
  24  2:11  SCV  
  24  2:13  Marine  
  26  2:23  SCV  
  26  2:25  Factory Tech Lab  
  27  2:31  Marine  
  27  2:35  SCV  
  28  2:38  Marine  
  28  2:48  Orbital Command  
  28  2:50  Barracks Tech Lab, Hellion  
  30  2:56  Marine  
  30  3:08  Marine  
  30  3:11  Concussive Shells  
  30  3:13  Marine  
  30  3:15  Hellion  
  33  3:26  Marauder  
  33  3:32  Barracks Tech Lab  
  31  3:36  Hellion  
  31  3:40  Supply Depot  
  33  3:47  Marauder  
  33  3:50  Marine  
  33  3:53  Refinery  
  32  3:56  SCV  
  32  3:58  Hellion  
  35  4:08  Starport  
  35  4:09  SCV  
  36  4:11  Marine  
  36  4:15  Marine  
  32  4:27  SCV  
  32  4:29  Marine  
  34  4:33  Marine  
  35  4:39  SCV  
  36  4:45  Medivac  
  36  4:46  Marine  
  36  4:51  Marauder  
  41  4:53  Supply Depot  
  41  5:03  Stimpack  
  41  5:05  Marauder  
  42  5:12  Marine  
  35  5:19  SCV  
  34  5:26  Marauder  
  34  5:30  Marine  
  33  5:38  SCV  
  32  5:48  Marine, Marauder  
  35  5:50  SCV  
  33  6:02  SCV  
  34  6:06  Marine  
  34  6:09  Marauder  
  35  6:14  SCV  
  35  6:24  Marauder  
  37  6:30  Marine  
  33  6:42  Medivac  
  33  6:43  Barracks  
  33  6:45  Marauder  
  37  6:48  Marauder  
  39  7:06  Marine  
  39  7:11  Marine  
  39  7:12  Starport Reactor  
  35  7:22  Command Center  
  35  7:24  Marine  
  35  7:29  Marine  
  33  7:30  Barracks Reactor  
  34  7:42  Marine  
  34  7:48  Marauder  
  34  7:49  SCV, Medivac  
  37  8:00  Marine  
  37  8:01  SCV  
  39  8:09  Marine  
  39  8:11  Marine  
  41  8:14  SCV  
  41  8:15  Marine  
  41  8:19  Marine  
  43  8:26  Marine  
  44  8:29  Marine  
  44  8:33  Marine  
  41  8:38  Marine  
  34  8:44  Marine  
  31  8:48  Marine  
  31  8:54  Marine  
  28  9:10  Marine  
Tags
 
Add a new tag
Caveats
  • Supply blocks, unpowered buildings, or Contaminate may cause inaccurate times.
  • Supply counts are checked every 10 seconds.